NWL (28 & UNDER)
CASPER GHOSTS @ MENLO MANIACS
09/01/2028
 
TOP OF THE 1ST
Casper Ghosts batting - Pitching for Menlo Maniacs : RHP Juan Caballero
Pitching: RHP Juan Caballero
Batting: RHB James Jenkins 0-0: Fly out, F8 (Line Drive, 78XD)
Batting: LHB Ramón Córdova 0-0: Ball
1-0: Foul Ball, location: 2F
1-1: Ball
2-1: SOLO HOME RUN (Flyball, 7D), Distance : 378 ft
Batting: SHB Dave Henley 0-0: SINGLE (Groundball, 6MD)
Batting: RHB Juan García 0-0: Ball
Dave Henley steals 2nd base
1-0: SINGLE (Groundball, 4MD)
Dave Henley to third
Runner from 3rd tries for Home, SAFE, no throw
Batting: RHB Wilfred Martin 0-0: Foul Ball, location: 2F
0-1: Ball
1-1: Ball
2-1: Foul Ball, location: 2F
2-2: Foul Ball, location: 2F
2-2: SINGLE (Groundball, 6MD)
Juan García to second
Batting: SHB José González 0-0: Ball
1-0: Ball
2-0: Called Strike
2-1: Fielders Choice at 2nd, 4-6 (Groundball, 4)
Juan García to third
Batting: RHB Robert Acosta 0-0: Ball
1-0: Ball
2-0: Called Strike
2-1: Ground out 4-3 (Groundball, 34)
Top of the 1st over - 2 run(s), 4 hit(s), 0 error(s), 2 left on base; Casper 2 - Menlo 0
BOTTOM OF THE 1ST
Menlo Maniacs batting - Pitching for Casper Ghosts : RHP Ray Adams
Pitching: RHP Ray Adams
Batting: LHB Bernardo Rodríguez 0-0: Foul Ball, location: 2F
0-1: Foul Ball, location: 2F
0-2: Foul Ball, location: 2F
0-2: Ball
1-2: Ball
2-2: Ground out 4-3 (Groundball, 4)
Batting: SHB Chris Young 0-0: Called Strike
0-1: Called Strike
0-2: Ball
1-2: Strikes out looking
Batting: LHB Tim Ramsey 0-0: Ball
1-0: Called Strike
1-1: Fly out, F3 (Line Drive, 3)
Bottom of the 1st over - 0 run(s), 0 hit(s), 0 error(s), 0 left on base; Casper 2 - Menlo 0
TOP OF THE 2ND
Casper Ghosts batting - Pitching for Menlo Maniacs : RHP Juan Caballero
Batting: RHB Hunter Plunket 0-0: Called Strike
0-1: SINGLE (Groundball, 34D)
Batting: LHB Ralph Cobb 0-0: Ball
1-0: Ball
2-0: Foul Ball, location: 2F
2-1: Ball
3-1: Base on Balls
Hunter Plunket to second
Batting: RHB James Jenkins 0-0: Called Strike
0-1: Ball
1-1: Ball
2-1: Foul Ball, location: 2F
2-2: Fly out, F4 (Popup, 34S)
Batting: LHB Ramón Córdova 0-0: Ball
1-0: Ball
2-0: Called Strike
2-1: Ball
3-1: Called Strike
3-2: Base on Balls
Hunter Plunket to third
Ralph Cobb to second
Batting: SHB Dave Henley 0-0: SINGLE (Line Drive, 6)
Hunter Plunket scores
Ralph Cobb to third
Ramón Córdova to second
Batting: RHB Juan García 0-0: Ball
1-0: Called Strike
1-1: Swinging Strike
1-2: Ball
2-2: Foul Ball, location: 2F
2-2: Ball
3-2: Base on Balls
Ralph Cobb scores
Ramón Córdova to third
Dave Henley to second
Batting: RHB Wilfred Martin 0-0: Called Strike
0-1: Ball
1-1: Ball
2-1: Foul Ball, location: 2F
2-2: Ball
3-2: Strikes out swinging
Batting: SHB José González 0-0: Ball
1-0: Ball
2-0: Fielders Choice at 2nd, 4-6 (Groundball, 4)
Top of the 2nd over - 2 run(s), 2 hit(s), 0 error(s), 2 left on base; Casper 4 - Menlo 0
BOTTOM OF THE 2ND
Menlo Maniacs batting - Pitching for Casper Ghosts : RHP Ray Adams
Batting: LHB Frank Young 0-0: Ball
1-0: Called Strike
1-1: Ball
2-1: Reached on error, E6 (Groundball, 6)
Batting: RHB Jason Blair 0-0: Called Strike
0-1: Reached on error, E5 (Groundball, 56)
Frank Young to second
Batting: LHB César Rodríguez 0-0: Ball
1-0: Foul Ball, location: 2F
1-1: Ball
Balk!
Frank Young to third
Jason Blair to second
2-1: Fly out, F7 (Line Drive, 7)
Runner from 3rd tags up, SCORES, throw made
Batting: LHB Dave Lee 0-0: Called Strike
Jason Blair steals 3rd base
0-1: Ball
1-1: Ball
2-1: Swinging Strike
2-2: Foul Ball, location: 2F
2-2: Strikes out swinging
Batting: SHB Ryan Holcomb 0-0: Swinging Strike
0-1: Foul Ball, location: 2F
0-2: Foul Ball, location: 2F
0-2: Ball
1-2: Ground out 1-3 (Groundball, 13)
Bottom of the 2nd over - 1 run(s), 0 hit(s), 2 error(s), 1 left on base; Casper 4 - Menlo 1
TOP OF THE 3RD
Casper Ghosts batting - Pitching for Menlo Maniacs : RHP Juan Caballero
Batting: RHB Robert Acosta 0-0: Ball
1-0: Ball
2-0: Ball
3-0: Base on Balls
Batting: RHB Hunter Plunket 0-0: Ball
1-0: Ball
2-0: Ball
3-0: Called Strike
3-1: Foul Ball, location: 2F
3-2: Fielders Choice at 2nd, 4-6 (Groundball, 4M)
Batting: LHB Ralph Cobb 0-0: Foul Ball, location: 2F
0-1: Foul Ball, location: 2F
0-2: Ball
1-2: Fly out, F2 (Popup, 23)
Batting: RHB James Jenkins 0-0: Called Strike
Hunter Plunket steals 2nd base
0-1: Foul Ball, location: 2F
0-2: Foul Ball, location: 2F
0-2: SINGLE (Groundball, 6D)
Hunter Plunket to third
Runner from 3rd tries for Home, SAFE, no throw
Batting: LHB Ramón Córdova 0-0: Ball
1-0: Called Strike
1-1: Foul Ball, location: 2F
1-2: Foul Ball, location: 2F
1-2: Ball
2-2: Foul Ball, location: 2F
2-2: Strikes out swinging
Top of the 3rd over - 1 run(s), 1 hit(s), 0 error(s), 1 left on base; Casper 5 - Menlo 1
BOTTOM OF THE 3RD
Menlo Maniacs batting - Pitching for Casper Ghosts : RHP Ray Adams
Batting: RHB Clinton Barton 0-0: SINGLE (Line Drive, 8LS)
Batting: LHB Bernardo Rodríguez 0-0: Called Strike
0-1: Ball
1-1: Ball
2-1: Swinging Strike
2-2: Foul Ball, location: 2F
2-2: Ball
3-2: Foul Ball, location: 2F
3-2: Base on Balls
Clinton Barton to second
Batting: SHB Chris Young 0-0: Grounds into double play, 5-4-3 (Groundball, 56)
Clinton Barton to third
Batting: LHB Tim Ramsey 0-0: Called Strike
0-1: Ball
1-1: Fly out, F7 (Flyball, 7D)
Bottom of the 3rd over - 0 run(s), 1 hit(s), 0 error(s), 1 left on base; Casper 5 - Menlo 1
TOP OF THE 4TH
Casper Ghosts batting - Pitching for Menlo Maniacs : RHP Juan Caballero
Batting: SHB Dave Henley 0-0: Ball
1-0: Ball
2-0: Ball
3-0: Called Strike
3-1: Base on Balls
Batting: RHB Juan García 0-0: Called Strike
Dave Henley steals 2nd base
0-1: Foul Ball, location: 2F
0-2: Ball
1-2: Ball
2-2: Ground out 1-3 (Groundball, 13)
Dave Henley to third
Batting: RHB Wilfred Martin 0-0: Called Strike
0-1: Called Strike
0-2: Strikes out swinging
Pitching: LHP Marc Sizemore
Batting: SHB José González 0-0: Ball
1-0: Ball
2-0: Ball
3-0: Called Strike
3-1: Ground out 4-3 (Groundball, 34)
Top of the 4th over - 0 run(s), 0 hit(s), 0 error(s), 1 left on base; Casper 5 - Menlo 1
BOTTOM OF THE 4TH
Menlo Maniacs batting - Pitching for Casper Ghosts : RHP Ray Adams
Batting: LHB Frank Young 0-0: Ball
1-0: Ground out U3 (Groundball, 34)
Batting: RHB Jason Blair 0-0: Called Strike
0-1: Swinging Strike
0-2: Ball
1-2: Ground out 4-3 (Groundball, 4)
Batting: LHB César Rodríguez 0-0: Ball
1-0: Foul Ball, location: 2F
1-1: Ball
2-1: Foul Ball, location: 2F
2-2: Strikes out swinging
Bottom of the 4th over - 0 run(s), 0 hit(s), 0 error(s), 0 left on base; Casper 5 - Menlo 1
TOP OF THE 5TH
Casper Ghosts batting - Pitching for Menlo Maniacs : LHP Marc Sizemore
Batting: RHB Robert Acosta 0-0: Swinging Strike
0-1: SOLO HOME RUN (Flyball, 78XD), Distance : 406 ft
Batting: RHB Hunter Plunket 0-0: Fly out, F7 (Line Drive, 78S)
Batting: LHB Ralph Cobb 0-0: Foul Ball, location: 2F
0-1: Swinging Strike
0-2: Ball
1-2: Ball
2-2: SOLO HOME RUN (Flyball, 9LD), Distance : 363 ft
Batting: RHB James Jenkins 0-0: Ball
1-0: Ball
2-0: Called Strike
2-1: Ball
3-1: Base on Balls
Batting: LHB Ramón Córdova 0-0: Ball
1-0: Called Strike
1-1: Ball
2-1: Foul Ball, location: 2F
2-2: Ball
3-2: Ground out 4-3 (Groundball, 34)
James Jenkins to second
Batting: SHB Dave Henley 0-0: Ball
1-0: Ball
2-0: Ball
3-0: Called Strike
3-1: Called Strike
3-2: Base on Balls
Batting: RHB Juan García 0-0: Ball
1-0: Foul Ball, location: 2F
1-1: Called Strike
1-2: Ball
2-2: Fly out, F7 (Flyball, 7)
Top of the 5th over - 2 run(s), 2 hit(s), 0 error(s), 2 left on base; Casper 7 - Menlo 1
BOTTOM OF THE 5TH
Menlo Maniacs batting - Pitching for Casper Ghosts : RHP Ray Adams
Pitching: RHP Jack Hampton
Batting: LHB Dave Lee 0-0: Ball
1-0: Ball
2-0: Ball
3-0: Called Strike
3-1: Base on Balls
Batting: SHB Ryan Holcomb 0-0: Ground out 4-3 (Groundball, 4M)
Dave Lee to second
Batting: RHB Clinton Barton 0-0: Ball
1-0: Ball
2-0: Called Strike
2-1: Foul Ball, location: 2F
2-2: Ground out 5-3 (Groundball, 56)
Batting: LHB Bernardo Rodríguez 0-0: Ball
1-0: Ball
2-0: Ball
3-0: Base on Balls
Batting: SHB Chris Young 0-0: Foul Ball, location: 2F
0-1: Ball
1-1: Swinging Strike
1-2: Foul Ball, location: 2F
1-2: Fly out, F8 (Flyball, 8LM)
Bottom of the 5th over - 0 run(s), 0 hit(s), 0 error(s), 2 left on base; Casper 7 - Menlo 1
TOP OF THE 6TH
Casper Ghosts batting - Pitching for Menlo Maniacs : LHP Marc Sizemore
Batting: RHB Wilfred Martin 0-0: Ball
1-0: Ground out U3 (Groundball, 34)
Batting: SHB José González 0-0: Swinging Strike
0-1: Called Strike
0-2: Foul Ball, location: 2F
0-2: Strikes out swinging
Batting: RHB Robert Acosta 0-0: Swinging Strike
0-1: Ball
1-1: Foul Ball, location: 2F
1-2: Strikes out swinging
Top of the 6th over - 0 run(s), 0 hit(s), 0 error(s), 0 left on base; Casper 7 - Menlo 1
BOTTOM OF THE 6TH
Menlo Maniacs batting - Pitching for Casper Ghosts : RHP Jack Hampton
Batting: LHB Tim Ramsey 0-0: Called Strike
0-1: Foul Ball, location: 2F
0-2: Ball
1-2: Foul Ball, location: 2F
1-2: Ball
2-2: SINGLE (Line Drive, 89M)
Batting: LHB Frank Young 0-0: Ball
1-0: Ball
2-0: Ball
3-0: Foul Ball, location: 2F
3-1: Base on Balls
Tim Ramsey to second
Batting: RHB Jason Blair 0-0: Called Strike
0-1: Ball
1-1: Foul Ball, location: 2F
1-2: Foul Ball, location: 2F
1-2: SINGLE (Line Drive, 4MD)
Tim Ramsey to third
Frank Young to second
Batting: LHB César Rodríguez 0-0: Swinging Strike
0-1: Called Strike
0-2: Ball
1-2: Strikes out swinging
Batting: LHB Dave Lee 0-0: Ball
1-0: Called Strike
1-1: Ball
2-1: SINGLE (Groundball, 4MD)
Tim Ramsey scores
Frank Young to third
Jason Blair to second
Runner from 3rd tries for Home, SAFE, no throw
Pitching: LHP Pablo Solíz
Batting: SHB Ryan Holcomb 0-0: Ball
1-0: Foul Ball, location: 2F
1-1: Ball
2-1: Ball
3-1: Fly out, F9 (Flyball, 89M)
Batting: RHB Clinton Barton 0-0: Called Strike
0-1: Ball
1-1: Foul Ball, location: 2F
1-2: Fly out, F8 (Flyball, 8RM)
Bottom of the 6th over - 2 run(s), 3 hit(s), 0 error(s), 2 left on base; Casper 7 - Menlo 3
TOP OF THE 7TH
Casper Ghosts batting - Pitching for Menlo Maniacs : LHP Marc Sizemore
Pitching: RHP Gerard Gustafson
Batting: RHB Hunter Plunket 0-0: Foul Ball, location: 2F
0-1: Foul Ball, location: 2F
0-2: Strikes out swinging
Batting: LHB Ralph Cobb 0-0: Ball
1-0: Ball
2-0: Foul Ball, location: 2F
2-1: Ball
3-1: Called Strike
3-2: Base on Balls
Batting: RHB James Jenkins 0-0: Ball
1-0: Ball
2-0: Called Strike
2-1: Ball
3-1: Foul Ball, location: 2F
3-2: Strikes out swinging
Batting: LHB Ramón Córdova 0-0: Swinging Strike
0-1: Called Strike
0-2: Ball
1-2: Strikes out swinging
Top of the 7th over - 0 run(s), 0 hit(s), 0 error(s), 1 left on base; Casper 7 - Menlo 3
BOTTOM OF THE 7TH
Menlo Maniacs batting - Pitching for Casper Ghosts : LHP Pablo Solíz
Batting: LHB Bernardo Rodríguez 0-0: Swinging Strike
0-1: Ball
1-1: Foul Ball, location: 2F
1-2: Foul Ball, location: 2F
1-2: Foul Ball, location: 2F
1-2: Fly out, F9 (Flyball, 9LM)
Batting: SHB Chris Young 0-0: Called Strike
0-1: Ball
1-1: Ball
2-1: Ground out 6-3 (Groundball, 6)
Batting: LHB Tim Ramsey 0-0: Ground out 4-3 (Groundball, 34)
Bottom of the 7th over - 0 run(s), 0 hit(s), 0 error(s), 0 left on base; Casper 7 - Menlo 3
TOP OF THE 8TH
Casper Ghosts batting - Pitching for Menlo Maniacs : RHP Gerard Gustafson
Batting: SHB Dave Henley 0-0: Fly out, F9 (Line Drive, 89M)
Batting: RHB Juan García 0-0: Ball
1-0: Swinging Strike
1-1: Called Strike
1-2: Ball
2-2: Ball
3-2: Base on Balls
Batting: RHB Wilfred Martin 0-0: Ball
1-0: Swinging Strike
1-1: Fly out, F9 (Flyball, 9S)
Batting: SHB José González 0-0: Ball
1-0: Ball
2-0: Swinging Strike
2-1: Ball
3-1: SINGLE (Line Drive, 3)
Juan García to second
Batting: RHB Robert Acosta 0-0: Swinging Strike
0-1: Fielders Choice at 2nd, 5-4 (Groundball, 5L)
Top of the 8th over - 0 run(s), 1 hit(s), 0 error(s), 1 left on base; Casper 7 - Menlo 3
BOTTOM OF THE 8TH
Menlo Maniacs batting - Pitching for Casper Ghosts : LHP Pablo Solíz
Batting: LHB Frank Young 0-0: Ball
1-0: Foul Ball, location: 2F
1-1: Foul Ball, location: 2F
1-2: Foul Ball, location: 2F
1-2: Ball
2-2: Ball
3-2: Ground out 6-3 (Groundball, 6)
Batting: RHB Jason Blair 0-0: Ball
1-0: Ball
2-0: Called Strike
2-1: SINGLE (Groundball, 4D)
Batting: LHB César Rodríguez 0-0: SINGLE (Flyball, 8LS)
Jason Blair to second
Batting: LHB Dave Lee 0-0: Ball
1-0: Foul Ball, location: 2F
1-1: Fly out, F6 (Line Drive, 6)
Batting: SHB Ryan Holcomb 0-0: Called Strike
0-1: Ball
1-1: Ground out 1-3 (Groundball, 13S)
Bottom of the 8th over - 0 run(s), 2 hit(s), 0 error(s), 2 left on base; Casper 7 - Menlo 3
TOP OF THE 9TH
Casper Ghosts batting - Pitching for Menlo Maniacs : RHP Gerard Gustafson
Pitching: LHP Joe Jenkins
Batting: RHB Hunter Plunket 0-0: DOUBLE (Line Drive, 8RM)
Batting: LHB Ralph Cobb 0-0: Called Strike
0-1: Called Strike
0-2: Fly out, F7 (Flyball, 7)
Batting: RHB James Jenkins 0-0: Ball
1-0: SINGLE (Line Drive, 78M)
Hunter Plunket to third
Runner from 3rd tries for Home, SAFE, no throw
Batting: LHB Ramón Córdova 0-0: Ball
James Jenkins steals 2nd base
1-0: Ball
2-0: Called Strike
2-1: Foul Ball, location: 2F
2-2: Ball
3-2: Strikes out swinging
Batting: SHB Dave Henley 0-0: Fly out, F9 (Flyball, 9D)
Top of the 9th over - 1 run(s), 2 hit(s), 0 error(s), 1 left on base; Casper 8 - Menlo 3
BOTTOM OF THE 9TH
Menlo Maniacs batting - Pitching for Casper Ghosts : LHP Pablo Solíz
Batting: RHB Clinton Barton 0-0: Called Strike
0-1: SINGLE (Groundball, 2L) (infield hit)
Batting: LHB Bernardo Rodríguez 0-0: Ball
1-0: DOUBLE (Line Drive, 7LS)
Clinton Barton to third
Batting: SHB Chris Young 0-0: Ball
1-0: Foul Ball, location: 2F
1-1: Called Strike
1-2: Foul Ball, location: 2F
1-2: Foul Ball, location: 2F
1-2: Strikes out swinging
Batting: LHB Tim Ramsey 0-0: Called Strike
0-1: Swinging Strike
0-2: Ball
1-2: Ball
2-2: Ball
3-2: Fly out, F8 (Flyball, 89XD)
Runner from 3rd tags up, SCORES, no throw
Bernardo Rodríguez to third
Batting: LHB Frank Young 0-0: Ball
Wild Pitch!
Bernardo Rodríguez scores
1-0: Foul Ball, location: 2F
1-1: Fly out, F4 (Line Drive, 4)
Bottom of the 9th over - 2 run(s), 2 hit(s), 0 error(s), 0 left on base; Casper 8 - Menlo 5
Tuesday, August 8th, 2017 - OOTP Baseball 17.12 Build 75